 Dungeon Crawl Stone Soup version 0.26.0-10-g1f06aea511 (webtiles) character file.

Game seed: 14168800325672352217

597 sanka the Covert (level 7, -6/70 HPs)
             Began as a Naga Delver on Jan 20, 2021.
             Was a Follower of Okawaru.
             Mangled by a killer bee (7 damage)
             ... on level 5 of the Dungeon.
             The game lasted 00:09:08 (5409 turns).

sanka the Covert (Naga Delver)                      Turns: 5409, Time: 00:09:09

Health: -6/70      AC:  6    Str: 16    XL:     7   Next: 40%
Magic:  9/9        EV:  9    Int: 11    God:    Okawaru [*.....]
Gold:   247        SH:  0    Dex: 12    Spells: 6/6 levels left

rFire    . . .     SeeInvis +   a - +0 hand axe
rCold    . . .     Faith    +   (no shield)
rNeg     . . .     Spirit   .   b - +0 leather armour
rPois    +         Reflect  .   m - +1 helmet
rElec    .         Harm     .   o - +0 cloak
rCorr    .         Rampage  .   (no gloves)
Will     .....                  (no barding)
Stlth    +++.......             k - amulet of faith
HPRegen  0.21/turn              u - +4 ring of slaying
MPRegen  0.11/turn              l - +4 ring of slaying

@: lethally poisoned (-6 -> -7), flying, very slow
A: large, see invisible, deformed body, poison resistance, slowness 2, spit
poison 1, AC +2
a: Spit Poison, Renounce Religion, Heroism


You were on level 5 of the Dungeon.
You worshipped Okawaru.
Okawaru was aware of your devotion.
You visited 1 branch of the dungeon, and saw 6 of its levels.

You collected 292 gold pieces.
You spent 45 gold pieces at shops.


Innate Abilities, Weirdness & Mutations

You cannot wear boots.
Your serpentine skin is tough. (AC +2)
You have supernaturally acute eyesight. (SInv)
Armour fits poorly on your strangely shaped body.
Your system is resistant to poisons. (rPois)
You cover ground very slowly.
You can spit poison.


   Skills:
 - Level 6.5 Fighting
 - Level 3.4 Axes
 - Level 1.5 Dodging
 - Level 8.0 Stealth
 + Level 3.7 Invocations


You had 6 spell levels left.
You didn't know any spells.
Your spell library was empty.

Inventory:

Hand Weapons
 a - a +0 hand axe (weapon)
 s - a +0 dagger of venom
Armour
 b - a +0 leather armour (worn)
 m - a +1 helmet (worn)
 o - a +0 cloak (worn)
 r - a +0 pair of gloves
 z - a +0 kite shield
Magical Staves
 w - an uncursed staff of air {unknown}
Jewellery
 k - an amulet of faith (around neck)
 l - a +4 ring of slaying (right hand)
 p - an uncursed ring of attention
 u - a +4 ring of slaying (left hand)
Wands
 g - a wand of digging (3)
Scrolls
 c - 3 scrolls of fog
 d - a scroll of magic mapping
 e - 2 scrolls of fear
 h - 3 scrolls of identify {@r1}
 t - 2 scrolls of teleportation {@r4}
 v - 2 scrolls of blinking {unknown}
 x - a scroll of enchant weapon {unknown}
 y - a scroll of remove curse
Potions
 f - 2 potions of haste {@q3}
 i - a potion of magic
 j - a potion of flight
 n - a potion of mutation {unknown}
 q - 2 potions of curing {unknown}
 A - a potion of cancellation {unknown}

Dungeon Overview and Level Annotations

Branches:
Dungeon (6/15)             Temple (0/1) D:4

Altars:
Kikubaaqudgha
Makhleb
Nemelex Xobeh
Okawaru
Ru
Trog
Wu Jian
Xom

Shops:
D:4

([[ ▒............▒
▒▒...........▒
▒...........▒
▒▒▒▒▒.▒▒▒▒▒▒▒ ▒▒▒▒▒
▒.▒▒▒▒▒▒▒▒▒▒▒▒▒▒▒▒▒▒▒....
▒........................
▒▒▒▒▒▒▒▒▒.▒▒▒▒▒▒▒▒▒▒.▒.▒..
▒.......†.y..........▒.▒.▒
▒(▒▒▒▒▒▒▒N.............▒.▒
▒.▒ ▒▒.▒▒▒▒▒▒▒▒..▒.▒.▒
▒▒▒▒▒▒ ▒.▒ ▒.▒ ▒..▒...▒
▒....▒ ▒.▒ ▒.▒ ▒..▒...▒
▒.▒▒.▒ ▒.▒ ▒.▒ ▒..▒...▒
▒.▒▒.▒ ▒.▒ ▒.▒ ▒..▒...▒
▒.▒▒.▒ ▒.▒ ▒.▒ ▒..▒....
▒.▒▒.▒ ▒.▒ ▒.▒ ▒..▒.▒.▒
▒.▒▒.▒▒▒.▒ ▒.▒ ▒.......


You could see a killer bee.


Message History

* * * LOW HITPOINT WARNING * * *
The killer bee barely misses you.
You miss the killer bee.
The killer bee is almost dead.
You hit the killer bee.
The killer bee stings you but does no damage.
The killer bee barely misses you. The killer bee barely misses you.
The killer bee stings you!
* * * LOW HITPOINT WARNING * * *
You slash the killer bee!
You kill the killer bee!
Okawaru accepts your kill.
You closely miss the killer bee. The killer bee barely misses you.
The killer bee barely misses you. The killer bee stings you.
* * * LOW HITPOINT WARNING * * *
Unknown command.
It was a potion of magic.
Magic courses through your body.
* * * LOW HITPOINT WARNING * * *
You feel sick.
The killer bee stings you but does no damage.
The killer bee completely misses you.
It was a potion of flight.
You feel very buoyant.
You fly up into the air.
The killer bee stings you!
You die...

Action                   |  1- 3 |  4- 6 |  7- 9 || total
-------------------------+-------+-------+-------++-------
Melee: Hand axe          |    38 |   154 |    29 ||   221
 Abil: Spit Poison       |    14 |    12 |     2 ||    28
  Use: Scroll            |       |     7 |       ||     7
       Potion            |       |       |     2 ||     2
 Stab: Sleeping          |       |    17 |       ||    17
Armor: Leather armour    |     9 |    74 |    15 ||    98
Dodge: Dodged            |    15 |    61 |    22 ||    98

Levels and vault maps discovered:
D:1:      kilobyte_arrival_exit_the_forest, layout_basic, minmay_split_cup_small
D:2:      layout_basic, pdpol_wu_jian_five_deadly_venoms,
          makhleb_heckhound_becter, old_standard_altar, st_stairs_11
D:3:      layout_loops_ring
D:4:      layout_basic, kennysheep_okawaru_gauntlet, nemelex_altar_shiori,
          minmay_temple_entry_wispy, serial_shops, kennysheep_mini,
          nicolae_shop_waterfront, nicolae_shop_temple_entry_statues_fountains,
          grunt_ministairs_3, grunt_decor_mini_mirrors,
          hangedman_decor_slide_cut, kennysheep_decorative_pillar,
          nicolae_ru_sacrificial_ziggurat
D:5:      layout_basic, kennysheep_mini_moat, xom_teletrap_fun
D:6:      layout_gridville, lemuel_round_altar, portal_sewer_entry_f

Notes
Turn   | Place    | Note
-------+----------+-------------------------------------------
     0 | D:5      | sanka the Naga Delver began the quest for the Orb.
     0 | D:5      | Reached XP level 1. HP: 21/21 MP: 1/1
    57 | D:4      | Noticed a worker ant
    62 | D:5      | Killed a worker ant
    63 | D:5      | Reached skill level 8 in Stealth
    63 | D:5      | Reached XP level 2. HP: 23/28 MP: 2/2
   128 | D:4      | Reached XP level 3. HP: 27/34 MP: 3/3
   560 | D:4      | Reached skill level 4 in Fighting
   591 | D:4      | Found a sacrificial altar of Ru.
   618 | D:4      | Found Nielam's Armour Shoppe.
   647 | D:4      | Found Omiexea's Weapon Emporium.
   676 | D:4      | Found Qogychur's Armour Shop.
   781 | D:4      | Found an iron altar of Okawaru.
   830 | D:4      | Became a worshipper of Warmaster Okawaru
   864 | D:4      | Found a staircase to the Ecumenical Temple.
   937 | D:4      | Reached XP level 4. HP: 42/45 MP: 4/4
  1146 | D:4      | Reached skill level 5 in Fighting
  1146 | D:4      | Reached XP level 5. HP: 9/52 MP: 5/5
  1547 | D:4      | Found a sparkling altar of Nemelex Xobeh.
  1851 | D:4      | Bought a +0 cloak for 45 gold pieces
  2941 | D:2      | Found a bloodstained altar of Trog.
  3288 | D:2      | Found a burning altar of Makhleb.
  3336 | D:2      | Found an ornate altar of the Wu Jian Council.
  3675 | D:1      | Reached XP level 6. HP: 62/62 MP: 6/6
  3994 | D:1      | Reached skill level 6 in Fighting
  4375 | D:5      | Found a shimmering altar of Xom.
  4499 | D:5      | Found an ancient bone altar of Kikubaaqudgha.
  4695 | D:5      | Reached skill level 3 in Axes
  4755 | D:5      | Reached * piety under Okawaru
  4911 | D:5      | Reached skill level 1 in Invocations
  4915 | D:5      | Reached skill level 2 in Invocations
  4915 | D:5      | Reached XP level 7. HP: 53/70 MP: 6/8
  5398 | D:6      | Reached skill level 3 in Invocations
  5406 | D:5      | HP: 2/70 [killer bee (7)]
  5409 | D:5      | Mangled by a killer bee

Vanquished Creatures
  2 scorpions (D:5)
  2 killer bees
  2 hounds
  A centaur skeleton (D:4)
  An orc wizard (D:5)
  2 iguanas
  5 worker ants
  A hound skeleton (D:4)
  2 adders
  A shadow imp (D:3)
  An ufetubus (D:5)
  An ooze (D:4)
  3 worms
  A leopard gecko (D:4)
  5 orcs
  12 bats
  2 giant cockroaches (D:4)
  10 goblins
  6 hobgoblins
  9 kobolds
  A quokka (D:4)
  3 ball pythons
  4 frilled lizards
  A leopard gecko skeleton (D:4)
  A quokka skeleton (D:4)
  8 rats
87 creatures vanquished.

Table legend: (Time is in decaauts)
 A = Elapsed time spent in this place.
 B = Non-inter-level travel time spent in this place.
 C = Inter-level travel time spent in this place.
 D = Time resting spent in this place.
 E = Time spent auto-exploring this place.
 F = Levels seen in this place.
 G = Mean time per level.
                   A        B        C        D        E       F      G
               +--------+--------+--------+--------+--------+-----+--------+
         Total |   6880 |   6444 |    436 |    952 |   4594 |   6 | 1146.7 |
       Dungeon |   6880 |   6444 |    436 |    952 |   4594 |   6 | 1146.7 |
               +--------+--------+--------+--------+--------+-----+--------+

Top non-repeatable levels by time:
     D:4: 2191 daAuts
     D:5: 1426 daAuts
     D:1: 1116 daAuts
     D:2: 1064 daAuts
     D:3: 1022 daAuts
     D:6: 58 daAuts
